 Dungeon Crawl Stone Soup version 0.28-a0-938-gbc3f381ebc (webtiles) character file.

Game seed: 5175151757541362400

2711 siradein the Skirmisher (level 9, -1/71 HPs)
             Began as a Demonspawn Fighter on Nov 29, 2021.
             Was a Priest of Okawaru.
             Slain by a hornet (7 damage)
             ... on level 7 of the Dungeon.
             The game lasted 00:13:01 (6665 turns).

siradein the Skirmisher (Demonspawn Fighter)        Turns: 6665, Time: 00:13:02

Health: -1/71      AC: 15    Str: 21    XL:     9   Next: 39%
Magic:  0/12       EV: 10    Int:  9    God:    Okawaru [***...]
Gold:   294        SH:  6    Dex: 12    Spells: 8/8 levels left

rFire   + . .      SeeInvis .   a - +0 long sword
rCold   . . .      Faith    .   c - +0 buckler
rNeg    + . .      Spirit   +   w - +0 chain mail
rPois   .          Reflect  .   (no helmet)
rElec   .          Harm     .   (no cloak)
rCorr   .          Rampage  .   (no gloves)
Will    .....                   (no boots)
Stlth   ..........              (no amulet)
HPRegen 0.21/turn               x - ring of positive energy
MPRegen 0.26/turn               z - ring of protection from fire

@: lethally poisoned (-1 -> -6), heroic, slowed, very slow
A: molten scales 2, ignite blood 2, magic shield, magic regeneration
a: Renounce Religion, Heroism


You were on level 7 of the Dungeon.
You worshipped Okawaru.
Okawaru was most pleased with you.
You visited 2 branches of the dungeon, and saw 8 of its levels.

You collected 324 gold pieces.
You spent 30 gold pieces at shops.

Inventory:

Hand Weapons
 a - a +0 long sword (weapon)
 j - a +2 flail of protection
Missiles
 e - 36 poisoned darts (quivered)
 r - a boomerang
 y - 4 throwing nets
Armour
 c - a +0 buckler (worn)
 w - a +0 chain mail (worn)
Jewellery
 x - a ring of positive energy (left hand)
 z - a ring of protection from fire (right hand)
Wands
 A - a wand of iceblast (12)
Scrolls
 g - a scroll of teleportation {unknown}
 h - a scroll of blinking {unknown}
 i - a scroll of summoning {unknown}
 m - 5 scrolls of noise {unknown}
 n - a scroll of vulnerability {unknown}
 o - a scroll of fear {unknown}
 p - 6 scrolls of identify {unknown}
 s - a scroll of acquirement {unknown}
 u - 2 scrolls of amnesia {unknown}
 v - a scroll of enchant weapon {unknown}
 B - a scroll of enchant armour {unknown}
 D - a scroll of silence {unknown}
Potions
 b - 3 potions of brilliance {unknown}
 d - a potion of might
 f - a potion of degeneration {unknown}
 k - 2 potions of curing {unknown}
 l - a potion of haste {unknown}
 q - a potion of lignification
 t - a potion of heal wounds
 C - a potion of resistance {unknown}
 E - 2 potions of attraction {unknown}
 F - a potion of invisibility {unknown}


   Skills:
 + Level 6.7(11.7) Fighting
 + Level 5.8(10.8) Long Blades
 + Level 6.1(11.1) Armour
 + Level 6.0(11.0) Shields
 + Level 5.1 Invocations
 + Level 1.7 Evocations


You had 8 spell levels left.
You didn't know any spells.
Your spell library contained the following spells:

 Spells                   Type           Power      Damage    Failure   Level
 Scorch                   Fire           0%         2d5       98%         2
 Flame Wave               Conj/Fire      0%         2d4       100%        4
 Summon Cactus Giant      Summ           Unusable   N/A       N/A         6

Dungeon Overview and Level Annotations

Branches:
Dungeon (7/15)             Temple (1/1) D:5

Altars:
Cheibriados
Dithmenos
Fedhas
Kikubaaqudgha
Okawaru
Sif Muna
Trog
Zin

Shops:
D:3 *


Innate Abilities, Weirdness & Mutations

You are mostly covered in molten scales. (AC +3)
Your demonic aura often causes spilled blood to erupt in flames.
When hurt, damage is shared between your health and your magic reserves.
You regenerate magic rapidly.


Message History

Aim: a hornet (moderately wounded, poisoned, 44% to hit)
You throw a poisoned dart.
The poisoned dart closely misses the hornet.
You feel very sick.
The hornet stings you but does no damage.
The hornet closely misses you. You block the hornet's attack.
You gain the combat prowess of a mighty hero.
You feel very sick.
The hornet looks more healthy.
The hornet closely misses you. The hornet stings you.
* * * LOW HITPOINT WARNING * * *
You feel as though you will be slow longer.
You hit the hornet.
The hornet is heavily wounded.
You feel sick. You block the hornet's attack. The hornet barely misses you.
You closely miss the hornet.
The hornet is heavily wounded.
You feel sick. The hornet closely misses you.
You slash the hornet!
The hornet is severely wounded.
You feel sick. The hornet completely misses you. The hornet stings you!
* * * LOW HITPOINT WARNING * * *
You are lethally poisoned!
You feel as though you will be slow longer.
* * * LOW HITPOINT WARNING * * *
You feel very sick.
The hornet stings you but does no damage. x2
You feel much better.
You feel very sick. The hornet stings you.
* * * LOW HITPOINT WARNING * * *
You feel as though you will be slow longer.
The hornet stings you!
* * * LOW HITPOINT WARNING * * *
You feel as though you will be slow longer.
You hit the hornet but do no damage.
The hornet is severely wounded.
* * * LOW HITPOINT WARNING * * *
You feel sick. The hornet stings you!
You die...

#...... ##...... #..#####
.# ##....### (..
#........ (... ##.#......
.....## ##.####....
.......#########..#
#.....
#(.○@.......####.....
##(y........# #......
#..........###......
#..........##.......
###..........##.......
##............##.......
###.............######...
##...............# ####
##................# #


You could see a hornet.

Vanquished Creatures
  Harold (D:7)
  Pikel (D:5)
  Sigmund (D:4)
  A steam dragon (D:7)
  2 black bears (D:4)
  A sky beast (D:5)
  An ice beast (D:6)
  A necrophage (D:5)
  An ogre (D:4)
  A lemure (D:5)
  A kobold brigand (D:6)
  2 bullfrogs
  2 water moccasin zombies (D:6)
  2 scorpions (D:6)
  A water moccasin skeleton (D:4)
  A jelly (D:3)
  A bullfrog skeleton (D:6)
  An iguana (D:5)
  An orc wizard (D:6)
  A hound skeleton (D:4)
  A howler monkey zombie (D:6)
  3 gnolls
  6 adders
  A white imp (D:6)
  2 dart slugs
  17 orcs
  5 endoplasms
  A giant cockroach (D:1)
  3 goblins
  6 hobgoblins
  7 jackals
  4 kobolds
  4 quokkas
  4 ball pythons
  5 bats
  A frilled lizard (D:3)
  3 rats
97 creatures vanquished.

Vanquished Creatures (others)
  2 plants (D:4)
  4 withered plants (D:4)
6 creatures vanquished.

Grand Total: 103 creatures vanquished

Notes
Turn   | Place    | Note
-------+----------+-------------------------------------------
     0 | D:1      | siradein the Demonspawn Fighter began the quest for the
                  | Orb.
     0 | D:1      | Reached XP level 1. HP: 18/18 MP: 1/1
   178 | D:1      | Gained mutation: You regenerate magic rapidly. [demonic
                  | ancestry]
   178 | D:1      | Reached XP level 2. HP: 19/24 MP: 2/2
   998 | D:2      | Gained mutation: You are partially covered in molten
                  | scales. (AC +2) [demonic ancestry]
   998 | D:2      | Reached XP level 3. HP: 29/29 MP: 3/3
  1402 | D:2      | Gained mutation: Your demonic aura sometimes causes spilled
                  | blood to erupt in flames. [demonic ancestry]
  1402 | D:2      | Reached XP level 4. HP: 12/35 MP: 4/4
  1702 | D:2      | Found a faded altar of an unknown god.
  2022 | D:3      | Found Jyog's General Store.
  2030 | D:3      | Bought a potion of lignification for 30 gold pieces
  2761 | D:4      | Gained mutation: Your demonic aura often causes spilled
                  | blood to erupt in flames. [demonic ancestry]
  2761 | D:4      | Reached XP level 5. HP: 40/42 MP: 5/5
  2834 | D:4      | Noticed Sigmund
  2855 | D:4      | Killed Sigmund
  2856 | D:4      | Gained mutation: When hurt, damage is shared between your
                  | health and your magic reserves. [demonic ancestry]
  2856 | D:4      | Reached XP level 6. HP: 42/49 MP: 6/6
  2942 | D:4      | Found a bloodstained altar of Trog.
  2967 | D:4      | Gained mutation: You are mostly covered in molten scales.
                  | (AC +3) [demonic ancestry]
  2967 | D:4      | Reached XP level 7. HP: 36/55 MP: 5/7
  3132 | D:4      | Found a blossoming altar of Fedhas.
  3132 | D:4      | Found an ancient bone altar of Kikubaaqudgha.
  3290 | D:4      | Found a shimmering blue altar of Sif Muna.
  3358 | D:4      | Reached skill level 5 in Fighting
  3510 | D:5      | Entered Level 5 of the Dungeon
  3600 | D:5      | Found a staircase to the Ecumenical Temple.
  3864 | Temple   | Entered the Ecumenical Temple
  3914 | Temple   | Became a worshipper of Warmaster Okawaru
  4287 | D:5      | Found a snail-covered altar of Cheibriados.
  4446 | D:6      | Reached * piety under Okawaru
  4447 | D:6      | Reached skill level 1 in Invocations
  4599 | D:6      | Reached skill level 5 in Armour
  4599 | D:6      | Reached XP level 8. HP: 48/63 MP: 6/9
  4704 | D:6      | Reached skill level 5 in Shields
  4786 | D:6      | Noticed Pikel
  4910 | D:5      | Killed Pikel
  4910 | D:5      | Reached ** piety under Okawaru
  4911 | D:5      | Reached skill level 5 in Long Blades
  5580 | D:6      | Found a shadowy altar of Dithmenos.
  5809 | D:7      | Reached *** piety under Okawaru
  5810 | D:7      | Reached XP level 9. HP: 64/71 MP: 10/12
  6052 | D:7      | Noticed Harold
  6096 | D:7      | Killed Harold
  6097 | D:7      | Reached skill level 5 in Invocations
  6097 | D:7      | Reached skill level 1 in Evocations
  6654 | D:7      | Paralysed by a hornet for 3 turns
  6665 | D:7      | Slain by a hornet

Illustrated notes

Levels and vault maps discovered:
D:1:      dpeg_arrival_lava_temple_mockup, layout_loops_ring, minivault_14,
          st_stairs_10, chequers_serial_rivers_room_b
D:2:      layout_rooms, ebering_ecumenical_altar_box
D:3:      layout_rooms, serial_shops, shop,
          wander_ebering_terrifying_dragon_lair
D:4:      layout_rooms, nicolae_sif_muna_little_library, trog_ov_bears_minmay,
          grunt_temple_overflow_growth_and_decay, uniq_sigmund
D:5:      layout_loops_ring, mainiacjoe_overflow_brackets, temple_hall,
          solitary_fountain
D:6:      layout_basic, overflow_temple_1_default, uniq_pikel
D:7:      layout_cave_pods, uniq_harold
Temple:   nicolae_temple_figure_zero

Skill      XL: |  1  2  3  4  5  6  7  8  9 |
---------------+----------------------------+-----
Long Blades    | 2 3 4 5 |  5.8
Armour         | 3 4 5 6 |  6.1
Shields        | 3 4 5 6 |  6.0
Fighting       | 4 5 6 |  6.7
Invocations    | 1 4 5 |  5.1
Evocations     | 1 |  1.7

Action                   |  1- 3 |  4- 6 |  7- 9 || total
-------------------------+-------+-------+-------++-------
Melee: Long sword        |    78 |       |   160 ||   238
       Flail             |    26 |    90 |    28 ||   144
Throw: Dart              |       |       |    13 ||    13
Invok: Heroism           |       |       |     2 ||     2
  Use: Potion            |       |       |     2 ||     2
Armor: Scale mail        |    49 |       |       ||    49
       Plate armour      |       |    73 |    14 ||    87
       Chain mail        |       |       |    91 ||    91
Dodge: Dodged            |    53 |    21 |    65 ||   139
Block: Buckler           |    27 |    23 |    40 ||    90

Table legend: (Time is in decaauts)
 A = Elapsed time spent in this place.
 B = Non-inter-level travel time spent in this place.
 C = Inter-level travel time spent in this place.
 D = Time resting spent in this place.
 E = Time spent auto-exploring this place.
 F = Levels seen in this place.
 G = Mean time per level.
                   A        B        C        D        E       F      G
               +--------+--------+--------+--------+--------+-----+--------+
         Total |   6790 |   6533 |    257 |   1202 |   4111 |   8 |  848.8 |
       Dungeon |   6728 |   6484 |    244 |   1202 |   4070 |   7 |  961.1 |
        Temple |     62 |     50 |     12 |      0 |     41 |   1 |   62.0 |
               +--------+--------+--------+--------+--------+-----+--------+

Top non-repeatable levels by time:
     D:6: 1332 daAuts
     D:1: 1330 daAuts
     D:5: 1142 daAuts
     D:3: 788 daAuts
     D:4: 778 daAuts
     D:2: 703 daAuts
     D:7: 654 daAuts
  Temple: 62 daAuts
